 Dungeon Crawl Stone Soup version 0.29.0-4-gdea44cf6ec (webtiles) character file.

Game seed: 10220381709577456529

27 qw the Chopper (level 3, 0/29 HPs)
             Began as a Formicid Cinder Acolyte on Sept 4, 2022.
             Was a High Priest of Ignis.
             Slain by Sigmund
             ... wielding a +0 scythe
              (6 damage)
             ... on level 2 of the Dungeon.
             The game lasted 00:00:21 (1201 turns).

qw the Chopper (Formicid Cinder Acolyte)            Turns: 1201, Time: 00:00:21

Health: 0/29       AC: 10    Str: 20    XL:     3   Next: 25%
Magic:  4/4        EV: 11    Int: 13    God:    Ignis [*****.]
Gold:   24         SH:  0    Dex:  9    Spells: 4/4 levels left

rFire   + . .      SeeInvis +   Y - -1 hand axe (flame)
rCold   . . .      Faith    .   (no shield)
rNeg    . . .      Spirit   .   d - +0 leather armour
rPois   .          Reflect  .   (helmet unavailable)
rElec   .          Harm     .   (no cloak)
rCorr   .          Rampage  .   (no gloves)
Will    .....                   (no boots)
Stlth   +.........              (no amulet)
HPRegen 0.09/turn               (no ring)
MPRegen 0.09/turn               (no ring)

@: fiery-armoured
A: permanent stasis, dig shafts and tunnels, antennae 3, four strong arms
a: Dig, Shaft Self, Renounce Religion, Fiery Armour, Foxfire Swarm, Rising Flame


You were on level 2 of the Dungeon.
You worshipped Ignis.
Ignis was extremely pleased with you.
You visited 1 branch of the dungeon, and saw 2 of its levels.

You collected 24 gold pieces.


Innate Abilities, Weirdness & Mutations

You cannot be hasted, slowed, berserked, paralysed or teleported.
You can dig through walls and to a lower floor.
You have a pair of large antennae on your head. (SInv)
Your four strong arms can wield two-handed weapons with a shield.


   Skills:
 - Level 3.2 Fighting
 + Level 4.0 Axes
 - Level 0.6 Dodging
 - Level 1.1 Spellcasting
 - Level 3.0 Fire Magic


You had 4 spell levels left.
You didn't know any spells.
Your spell library contained the following spells:

 Spells                   Type           Power      Damage    Failure   Level
 Scorch                   Fire           16%        2d5       14%         2

Inventory:

Hand Weapons
 Y - a -1 hand axe of flaming (weapon)
Armour
 d - a +0 leather armour (worn)
Potions
 e - a potion of invisibility {unknown}
 h - a potion of heal wounds {unknown}
 i - a potion of curing {unknown}
 j - a potion of experience {unknown}

Dungeon Overview and Level Annotations

Branches:
Dungeon (2/15)

Altars:

Annotations:
D:2 Sigmund


Message History

Sigmund shouts!
Sigmund misses you.
You closely miss Sigmund. Your punch misses Sigmund.
Sigmund points at you and mumbles some strange words.
The puff of flame hits you. You resist.
You barely miss Sigmund. Sigmund hits you with a +0 scythe.
You closely miss Sigmund. Sigmund casts a spell at you.
You are confused.
You bump into the rock wall.
Sigmund hits you with a +0 scythe!
You bump into the rock wall.
Sigmund completely misses you.
You closely miss Sigmund. You closely miss Sigmund. Sigmund barely misses you.
You hit Sigmund. You burn Sigmund.
Sigmund is lightly wounded.
You feel less confused. Sigmund gestures at you while chanting.
The magic dart hits you.
1197 ||| INVOKING Fiery Armour.
A protective cloak of flame settles atop you.
Sigmund casts a spell at you. The magic dart hits you.
You slash Sigmund! You burn Sigmund.
Sigmund is heavily wounded.
Sigmund hits you but does no damage.
Sigmund is burned by your cloak of flames.
Sigmund is severely wounded.
You hit Sigmund but do no damage.
Sigmund is severely wounded.
Sigmund barely misses you.
You hit Sigmund. You burn Sigmund.
Sigmund is almost dead.
You hit Sigmund but do no damage.
Sigmund is almost dead.
Sigmund hits you with a +0 scythe.
You die...

. +. ........+ . #.
#.......#### #. #. #+#
#..... ###.##.
.######.###.##.. .......
............##..
#....##########.######..
#...[.......#.######..
#...#######.#......#..
#..<.@@.# #.#......#..
#...###.# #.'......#..
#.... # ###......#..
#.... #.....##.. .......
#.....###. ##...... .#
#.....# #. #......#..#
#.....# #. #.... ..#
#.....# ## #.. #.....# #


You could see Sigmund.

Vanquished Creatures
  An adder (D:2)
  2 endoplasms
  A giant cockroach (D:1)
  2 hobgoblins (D:1)
  4 jackals (D:2)
  A quokka (D:1)
  2 ball pythons (D:1)
  2 bats
  A rat (D:1)
16 creatures vanquished.

Notes
Turn   | Place    | Note
-------+----------+-------------------------------------------
     0 | D:1      | qw the Formicid Cinder Acolyte began the quest for the Orb.
     0 | D:1      | Reached XP level 1. HP: 18/18 MP: 2/2
     0 | D:1      | 0 ||| qw: Version: 0.1-a-103-gd6f5d3a
     0 | D:1      | 0 ||| qw: Game counter: 5440
     0 | D:1      | 0 ||| qw: Always use a shield: true
     0 | D:1      | 0 ||| qw: God list: Okawaru
     0 | D:1      | 0 ||| qw: Allow faded altars: false
     0 | D:1      | 0 ||| qw: Do Orc after D:15 true
     0 | D:1      | 0 ||| qw: Do second Lair branch before Depths: true
     0 | D:1      | 0 ||| qw: Lair rune preference: random
     0 | D:1      | 0 ||| qw: Plans: Normal
     0 | D:1      | 0 ||| PLANNING D:1-11
   327 | D:1      | 327 ||| INVOKING Fiery Armour.
   330 | D:1      | Reached XP level 2. HP: 11/24 MP: 3/3
   565 | D:1      | Found a faded altar of an unknown god.
   676 | D:1      | You fall into a shaft and drop 1 floor!
   736 | D:2      | Reached skill level 4 in Axes
   736 | D:2      | Reached XP level 3. HP: 28/29 MP: 4/4
   925 | D:2      | 925 ||| UPGRADING to +0 leather armour.
   935 | D:2      | 935 ||| DROPPING +0 robe.
   936 | D:2      | 936 ||| READING scroll labelled POCVIV GER.
   937 | D:2      | 937 ||| READING scroll labelled XIELIXON NUZE.
   938 | D:2      | 938 ||| READING scroll labelled QISHIH KOER.
   939 | D:2      | 939 ||| READING scroll labelled TYALEAG YXKOLI.
   940 | D:2      | 940 ||| READING scroll labelled REUHU TILUR.
  1186 | D:2      | Noticed Sigmund
  1197 | D:2      | 1197 ||| INVOKING Fiery Armour.
  1197 | D:2      | HP: 6/29 [Sigmund/magic dart (2)]
  1201 | D:2      | Slain by Sigmund

Levels and vault maps discovered:
D:1:      eino_arrival_cavern_e, layout_basic, dreamdust_ecumenical_altar_grove,
          minmay_tetromino_l4
D:2:      layout_basic, uniq_sigmund

Skill      XL: |  1  2 |
---------------+-------+-----
Axes           | 4 |  4.0
Fighting       | |  3.2
Dodging        | |  0.6
Spellcasting   | |  1.1
Fire Magic     | |  3.0

Action                   || total
-------------------------++-------
Melee: Hand axe          ||    71
Invok: Fiery Armour      ||     2
  Use: Scroll            ||     5
Armor: Robe              ||    11
       Leather armour    ||     1
Dodge: Dodged            ||    37

Table legend:
 A = Non-vault XP
 B = Vault XP
 C = Vault XP percentage of total XP
 D = Non-vault monster count
 E = Vault monster count
 F = Vault count percentage of total count
                 A         B        C        D         E       F
            +---------+---------+-------+---------+---------+-------
      Total |      33 |       6 |  15.4 |      13 |       3 |  18.8
            +---------+---------+-------+---------+---------+-------
        D:1 |       9 |       6 |  40.0 |       6 |       3 |  33.3
        D:2 |      24 |       0 |   0.0 |       7 |       0 |   0.0
            +---------+---------+-------+---------+---------+-------
